 Dungeon Crawl Stone Soup version 0.31-a0-345-g1ebeae05c6 (webtiles) character file.

Game seed: 1830570404236269143

450 Gelion the Changeling (level 6, -1/53 HPs)
             Began as a Troll Shapeshifter on July 23, 2023.
             Slain by a sleepcap (2 damage)
             ... on level 5 of the Dungeon.
             The game lasted 00:05:34 (2509 turns).

Gelion the Changeling (Troll Shapeshifter)          Turns: 2509, Time: 00:05:34

Health: -1/53      AC:  6    Str: 24    XL:     6   Next: 74%
Magic:  5/5        EV: 10    Int:  4    God:
Gold:   231        SH:  0    Dex: 12    Spells: 5/5 levels left

rFire   . .          .
                       - Unarmed
rCold   . . .        (no shield)
rNeg    . . .        a - +0 animal skin
rPois   .            (helmet currently unavailable)
rElec   .            (cloak currently unavailable)
rCorr   .            (gloves unavailable)
SInv    .            (boots unavailable)
Will    .....        (no amulet)
Stlth   +            (no ring)
HPRegen 1.08/turn    (no ring)
MPRegen 0.09/turn

%: no passive effects
@: lethally poisoned (-1 -> -2), beast-form
A: beast (slay +3), large, unfitting armour, claws 3, regeneration 1, shaggy fur
1, tough skin 1, iridescent scales 1, frail 1
a: Begin Untransformation


You were on level 5 of the Dungeon.
You were a hulking beast.
You visited 1 branch of the dungeon, and saw 5 of its levels.

You collected 231 gold pieces.

Inventory:

Missiles
 k - 3 large rocks
Armour
 a - a +0 animal skin (worn)
Jewellery
 f - a ring of ice
Talismans
 c - a beast talisman
 e - a talisman of death
Scrolls
 d - a scroll of enchant weapon {unknown}
 g - 2 scrolls of noise {unknown}
 h - 2 scrolls of teleportation
 l - a scroll of fear {unknown}
 n - a scroll of immolation {unknown}
 o - a scroll of revelation {unknown}
 p - a scroll of enchant armour {unknown}
 q - a scroll of fog {unknown}
Potions
 b - 2 potions of lignification
 i - a potion of enlightenment
 j - a potion of attraction {unknown}
 m - a potion of haste {unknown}
 s - a potion of brilliance


   Skills:
 + Level 2.9 Fighting
 - Level 1.5 Dodging
 + Level 4.5 Unarmed Combat
 * Level 5.1 Shapeshifting


You had 5 spell levels left.
You didn't know any spells.
Your spell library contained the following spells:

 Spells                   Type           Power      Damage    Failure   Level
 Shock                    Conj/Air       0%         1d3       50%         1
 Cigotuvi's Dreadful Rot  Necr/Pois/Air  0%         N/A       65%         2
 Ignite Poison            Fire/Tmut/Pois 0%         N/A       86%         3
 Swiftness                Air            0%         N/A       86%         3
 Airstrike                Air            0%         2d(0-16)  99%         4
 Freezing Cloud           Conj/Ice/Air   0%         6-21      100%        5


Dungeon Overview and Level Annotations

Branches:
Dungeon (5/15)
 Temple: D:4-7

Altars:
Fedhas


Innate Abilities, Weirdness & Mutations

You are a hulking beast.
Your limbs bulge with bestial killing power. (Slay +3)
You are too large for most types of armour.
You have claws for hands.
Your natural rate of healing is unusually fast.
You are covered in fur. (AC +1)
You have tough skin. (AC +1)
You are partially covered in iridescent scales. (AC +2)
You are frail. (-10% HP)


Message History

The scorpion is heavily wounded.
You feel sick. The centaur hits you.
The centaur kicks you but does no damage.
The sleepcap closely misses you. The scorpion stings you.
You scratch the scorpion.
The scorpion is almost dead.
You feel sick. The centaur completely misses you.
The centaur kicks you but does no damage.
The sleepcap releases spores at you!
You are engulfed in a cloud of soporific spores!
You fall asleep.
The centaur hits you!
You wake up.
* * * LOW HITPOINT WARNING * * *
The centaur kicks you but does no damage.
The scorpion stings you but does no damage.
You closely miss the scorpion.
The scorpion is almost dead.
You feel sick. The centaur hits you.
* * * LOW HITPOINT WARNING * * *
The centaur kicks you but does no damage.
The sleepcap releases spores at you.
* * * LOW HITPOINT WARNING * * *
The scorpion closely misses you.
You claw the scorpion!
You kill the scorpion!
You feel sick. The centaur hits you.
* * * LOW HITPOINT WARNING * * *
The centaur closely misses you. The sleepcap releases spores at you.
* * * LOW HITPOINT WARNING * * *
You are engulfed in a cloud of soporific spores!
You are unaffected.
It was a potion of mutation.
You feel extremely strange.
Iridescent scales grow over part of your body.
You feel frail.
You feel sick. The centaur barely misses you.
The centaur kicks you but does no damage.
The centaur hits you.
* * * LOW HITPOINT WARNING * * *
The centaur completely misses you. The sleepcap releases spores at you.
You die...

.....................#
......................##
...........(...........##
........................##
##......†...!............##..
#####...................#..#
###....................#
##......c.f.........#
##..#..†h..........##
#..##..............#
##.####......).....### #..#
###............. ## ##.##
###........... ...###..#
##.......... ........##
###........ #.....)..#
#####........
#........######............


You could see a sleepcap and a centaur.

Vanquished Creatures
  3 scorpions
  A jelly (D:5)
  A sleepcap (D:5)
  An orc wizard (D:3)
  Robin (D:4)
  4 gnolls
  6 adders
  A worm (D:3)
  2 dart slugs
  7 orcs (D:3)
  10 ball pythons
  7 bats
  2 endoplasms
  4 giant cockroaches
  14 goblins
  10 hobgoblins
  7 kobolds
  2 quokkas
  2 frilled lizards
  5 rats
90 creatures vanquished.

Notes
Turn   | Place    | Note
-------+----------+-------------------------------------------
     0 | D:1      | Gelion the Troll Shapeshifter began the quest for the Orb.
     0 | D:1      | Reached XP level 1. HP: 18/18 MP: 0/0
   101 | D:1      | Reached skill level 1 in Fighting
   145 | D:1      | Reached XP level 2. HP: 27/27 MP: 1/1
   397 | D:1      | Reached XP level 3. HP: 33/33 MP: 2/2
   557 | D:2      | Reached XP level 4. HP: 39/41 MP: 3/3
   686 | D:2      | Found a blossoming altar of Fedhas.
   748 | D:2      | Found a faded altar of an unknown god.
   891 | D:3      | Reached skill level 4 in Shapeshifting
  1055 | D:3      | Reached XP level 5. HP: 49/49 MP: 4/4
  2083 | D:4      | Noticed Robin
  2120 | D:4      | Killed Robin
  2344 | D:5      | Entered Level 5 of the Dungeon
  2369 | D:5      | Reached XP level 6. HP: 50/59 MP: 5/5
  2411 | D:5      | Noticed a water moccasin
  2416 | D:5      | HP: 2/59 [poisoned by a scorpion]
  2485 | D:5      | Reached skill level 5 in Shapeshifting
  2509 | D:5      | Gained mutation: You are partially covered in iridescent
                  | scales. (AC +2) [potion of mutation]
  2509 | D:5      | Gained mutation: You are frail. (-10% HP) [potion of
                  | mutation]
  2509 | D:5      | HP: 1/53 [centaur (2)]
  2509 | D:5      | Slain by a sleepcap

Illustrated notes

Levels and vault maps discovered:
D:1:      zelgadis_glass_arrival_small, layout_rooms
D:2:      layout_rooms, hellmonk_ecumenical_altar_arch_garden, basic_altar,
          minmay_shallow_snake_nest
D:3:      layout_basic, minmay_fractal_squares_gapless_5
D:4:      layout_basic, uniq_robin
D:5:      layout_layer_cave, minmay_temple_entry_junction, uniq_grinder

Skill      XL: |  1  2  3  4  5  6 |
---------------+-------------------+-----
Fighting       | 1 2 |  2.9
Shapeshifting  | 4 5 |  5.1
Unarmed Combat | 4 |  4.5
Dodging        | |  1.5

Action                     |  1- 3 |  4- 6 || total
---------------------------+-------+-------++-------
  Melee: Unarmed           |    56 |   136 ||   192
         Punch             |     1 |     5 ||     6
    Use: Potion            |       |     4 ||     4
         Scroll            |       |     1 ||     1
   Stab: Sleeping          |     1 |     1 ||     2
 Armour: Animal skin       |    26 |    55 ||    81
  Dodge: Dodged            |    33 |   101 ||   134

Table legend: (Time is in decaauts)
 A = Elapsed time spent in this place.
 B = Non-inter-level travel time spent in this place.
 C = Inter-level travel time spent in this place.
 D = Time resting spent in this place.
 E = Time spent auto-exploring this place.
 F = Levels seen in this place.
 G = Mean time per level.
                   A        B        C        D        E       F      G
               +--------+--------+--------+--------+--------+-----+--------+
         Total |   2495 |   2392 |    103 |     48 |   1884 |   5 |  499.0 |
       Dungeon |   2495 |   2392 |    103 |     48 |   1884 |   5 |  499.0 |
               +--------+--------+--------+--------+--------+-----+--------+

Top non-repeatable levels by time:
     D:3: 908 daAuts
     D:4: 585 daAuts
     D:1: 471 daAuts
     D:2: 386 daAuts
     D:5: 143 daAuts
